 Dungeon Crawl Stone Soup version 0.29.1-1-gd02db6906a (webtiles) character file.

Game seed: 4510176848482941131

1002 warriortoast the Fighter (level 8, -9/75 HPs)
             Began as a Minotaur Fighter on Oct 3, 2022.
             Mangled by an orc warrior
             ... wielding a +0 trident of freezing
              (17 damage)
             ... on level 5 of the Dungeon on Oct 4, 2022.
             The game lasted 00:06:57 (4630 turns).

warriortoast the Fighter (Minotaur Fighter)         Turns: 4630, Time: 00:06:57

Health: -9/75      AC:  9    Str: 23    XL:     8   Next: 0%
Magic:  16/16      EV:  9    Int:  5    God:
Gold:   323        SH:  4    Dex: 10    Spells: 7/7 levels left

rFire   . . .      SeeInvis .   a - +0 war axe
rCold   . . .      Faith    .   c - +0 buckler
rNeg    . . .      Spirit   .   b - +0 scale mail
rPois   .          Reflect  .   p - +0 hat
rElec   +          Harm     .   n - +0 cloak
rCorr   .          Rampage  .   (no gloves)
Will    .....                   u - +0 pair of boots
Stlth   ..........              (no amulet)
HPRegen 0.22/turn               i - ring of Omnubusm {rElec MP+9}
MPRegen 0.15/turn               (no ring)

@: no status effects
A: horns 2, retaliatory headbutt
a: no special abilities


You were on level 5 of the Dungeon.
You visited 1 branch of the dungeon, and saw 5 of its levels.

You collected 323 gold pieces.

Inventory:

Hand Weapons
 a - a +0 war axe (weapon)
Missiles
 s - 3 poisoned darts (quivered)
Armour
 b - a +0 scale mail (worn)
 c - a +0 buckler (worn)
 n - a +0 cloak (worn)
 p - a +0 hat (worn)
 u - a +0 pair of boots (worn)
Jewellery
 i - the ring of Omnubusm (left hand) {rElec MP+9}
   (You found it on level 2 of the Dungeon)

   [ring of magical power]

   rElec:     It insulates you from electricity.
   MP:        It affects your magic capacity (+9).
 r - a +4 ring of evasion
Scrolls
 e - a scroll of enchant armour {unknown}
 h - 3 scrolls of blinking {unknown}
 k - a scroll of teleportation {unknown}
 l - 2 scrolls of enchant weapon {unknown}
 m - a scroll of brand weapon {unknown}
 q - 4 scrolls of identify
 v - a scroll of poison {unknown}
 x - a scroll of fog {unknown}
Potions
 d - a potion of might
 f - 4 potions of curing
 g - 2 potions of mutation {unknown}
 j - 2 potions of brilliance
 o - 2 potions of heal wounds {unknown}
 t - a potion of cancellation {unknown}
 w - a potion of invisibility {unknown}


   Skills:
 + Level 8.6 Fighting
 + Level 8.2 Axes
 - Level 3.6 Armour
 - Level 3.6 Shields


You had 7 spell levels left.
You didn't know any spells.
Your spell library contained the following spells:

 Spells                   Type           Power      Damage    Failure   Level
 Ensorcelled Hibernation  Hex/Ice        0%         N/A       95%         2
 Sublimation of Blood     Necr           0%         N/A       95%         2
 Dazzling Flash           Conj/Hex       0%         N/A       99%         3
 Spider Form              Tmut/Pois      0%         N/A       99%         3
 Anguish                  Hex/Necr       0%         N/A       100%        4
 Petrify                  Tmut/Erth      0%         N/A       100%        4
 Summon Ice Beast         Ice/Summ       0%         N/A       100%        4
 Agony                    Necr           0%         N/A       100%        5
 Irradiate                Conj/Tmut      0%         3d11      100%        5
 Silence                  Hex/Air        0%         N/A       100%        5
 Summon Mana Viper        Hex/Summ       0%         N/A       100%        5
 Monstrous Menagerie      Summ           0%         N/A       100%        7


Dungeon Overview and Level Annotations

Branches:
Dungeon (5/15)
 Temple: D:4-7

Altars:

Shops:
D:1 [


Innate Abilities, Weirdness & Mutations

You have a pair of horns on your head.
You reflexively headbutt those who attack you in melee.


Message History

Found a stone staircase leading up.
An orc warrior comes into view.
It is wielding a +0 trident of freezing.
The orc warrior moves out of view.
Found 10 gold pieces.
The orc warrior hits you but does no damage.
You closely miss the orc warrior. The orc warrior barely misses you.
You hit the orc warrior but do no damage.
The orc warrior hits you with a +0 trident of freezing!
The orc warrior freezes you.
You closely miss the orc warrior. Your headbutt misses the orc warrior.
You block the orc warrior's attack.
The orc warrior hits you with a +0 trident of freezing!
The orc warrior freezes you!
You barely miss the orc warrior. Your headbutt misses the orc warrior.
The orc warrior hits you with a +0 trident of freezing.
The orc warrior freezes you.
You hit the orc warrior. Your headbutt misses the orc warrior.
The orc warrior is lightly wounded.
The orc warrior hits you with a +0 trident of freezing.
The orc warrior freezes you.
You hit the orc warrior but do no damage.
Your headbutt misses the orc warrior.
The orc warrior is lightly wounded.
The orc warrior hits you with a +0 trident of freezing!
* * * LOW HITPOINT WARNING * * *
The orc warrior freezes you.
* * * LOW HITPOINT WARNING * * *
You hit the orc warrior. You headbutt the orc warrior.
The orc warrior is heavily wounded.
The orc warrior hits you but does no damage.
You slash the orc warrior!
The orc warrior is almost dead.
The orc warrior hits you with a +0 trident of freezing!
* * * LOW HITPOINT WARNING * * *
The orc warrior freezes you.
* * * LOW HITPOINT WARNING * * *
You hit the orc warrior but do no damage.
The orc warrior is almost dead.
The orc warrior hits you with a +0 trident of freezing!
You die...

#......#....#
#.####.#.####
#.# #<.#.#
#.# #..#.#
#.# #..#.#
########..#
...#..$##.#
........#.#
......o@..#
........###
...#...## #
####


You could see an orc warrior.

Vanquished Creatures
  Pikel (D:4)
  An ogre (D:4)
  A lemure (D:3)
  A scorpion (D:4)
  A howler monkey (D:5)
  Crazy Yiuf (D:2)
  A hound (D:5)
  2 iguanas
  2 orc wizards
  Robin (D:2)
  3 gnolls (D:2)
  7 adders
  An ufetubus (D:4)
  2 worms
  3 dart slugs
  8 orcs
  4 bats
  5 endoplasms
  6 giant cockroaches
  15 goblins
  9 hobgoblins
  7 jackals
  2 quokkas
  3 ball pythons
  2 frilled lizards (D:1)
  8 kobolds
  A rat (D:1)
  A butterfly (D:4)
99 creatures vanquished.

Vanquished Creatures (others)
  2 plants (D:4)
2 creatures vanquished.

Grand Total: 101 creatures vanquished

Notes
Turn   | Place    | Note
-------+----------+-------------------------------------------
     0 | D:1      | warriortoast the Minotaur Fighter began the quest for the
                  | Orb.
     0 | D:1      | Reached XP level 1. HP: 19/19 MP: 0/0
   225 | D:1      | Reached XP level 2. HP: 24/27 MP: 1/1
   287 | D:1      | Found a faded altar of an unknown god.
   585 | D:1      | Found Seno's Antique Armour Boutique.
   685 | D:2      | Reached XP level 3. HP: 23/34 MP: 2/2
   953 | D:2      | Noticed Robin
   972 | D:2      | Killed Robin
   973 | D:2      | Reached XP level 4. HP: 6/41 MP: 3/3
  1300 | D:2      | Reached skill level 5 in Fighting
  1557 | D:2      | Identified the ring of Omnubusm {rElec MP+9}
  1866 | D:2      | Found a runed translucent door.
  1867 | D:2      | Noticed Crazy Yiuf
  2072 | D:2      | Killed Crazy Yiuf
  2073 | D:2      | Reached XP level 5. HP: 22/48 MP: 4/4
  2312 | D:3      | Reached skill level 5 in Axes
  3229 | D:4      | Noticed an ogre
  3504 | D:4      | Reached XP level 6. HP: 58/58 MP: 5/5
  3701 | D:4      | Identified the +3 dagger "Killer Klown's Bane" {distort,
                  | rN+ rCorr Dex+3}
  3810 | D:4      | Noticed Pikel
  4216 | D:4      | Killed Pikel
  4217 | D:4      | Reached XP level 7. HP: 45/69 MP: 6/6
  4434 | D:5      | Entered Level 5 of the Dungeon
  4570 | D:5      | Reached XP level 8. HP: 75/75 MP: 7/7
  4630 | D:5      | Mangled by an orc warrior

Illustrated notes

Levels and vault maps discovered:
D:1:      minmay_arrival_split_and_join, layout_rooms, basic_ecumenical_altar,
          serial_shops, nicolae_diamond_shop
D:2:      layout_basic, uniq_robin, uniq_crazy_yiuf_cottage
D:3:      layout_loops_corners, patterned_corridor
D:4:      layout_basic, hangedman_glass_garden, uniq_pikel
D:5:      layout_basic, marbit_many_paths, lemuel_round_altar,
          supply_closet_lemuel, minmay_splitting_lines,
          chequers_serial_rivers_micro_b

Skill      XL: |  1  2  3  4  5  6  7 |
---------------+----------------------+-----
Fighting       | 4 5 6 8 |  8.6
Axes           | 3 4 5 7 8 |  8.2
Armour         | |  3.6
Shields        | |  3.6

Action                   |  1- 3 |  4- 6 |  7- 9 || total
-------------------------+-------+-------+-------++-------
Melee: War axe           |    54 |   139 |    15 ||   208
       Headbutt          |     6 |    23 |     1 ||    30
Throw: Dart              |       |     2 |       ||     2
  Use: Scroll            |       |     2 |       ||     2
       Potion            |       |     1 |       ||     1
Armor: Scale mail        |    31 |    68 |     4 ||   103
Dodge: Dodged            |    36 |    79 |     3 ||   118
Block: Buckler           |    19 |    31 |     2 ||    52
